Map: Daybreak LE (Void)

Players

Nerchio - Winner!

  • Race: Zerg Zerg
  • Spawn Location: 7:00

Rex

  • Race: Zerg Zerg
  • Spawn Location: 1:00

Event: WESG 2016 Finals

VOD

Have the link to the VOD?

Description

Time

  • Played on: Jan. 12, 2017, 5:44 a.m.
  • Length: 6:21

All games in this series

Show
View Real Time Build Order
Export as new Build Order

Nerchio Zerg - Winner!

Build Orders: Hatch First 

Get SALT Encoding   

  12  0:00  Drone  
  13  0:12  Overlord  
  13  0:17  Drone  
  14  0:30  Drone x2  
  14  0:34  Drone  
  17  0:53  Hatchery  
  17  0:56  Drone  
  17  1:00  Drone  
  18  1:06  Extractor  
  17  1:15  Spawning Pool  
  17  1:17  Drone  
  17  1:22  Drone  
  18  1:28  Drone  
  19  1:38  Drone  
  20  1:54  Hatchery  
  19  2:04  Queen  
  21  2:10  Metabolic Boost  
  21  2:13  Drone  
  22  2:17  Drone  
  22  2:20  Drone  
  24  2:24  Drone  
  24  2:29  Overlord  
  25  2:38  Queen  
  25  2:41  Zergling x2  
  28  2:47  Drone  
  28  2:48  Drone  
  28  2:49  Zergling x2  
  31  2:52  Zergling x2  
  31  2:54  Zergling x2  
  31  2:57  Zergling x2  
  34  3:04  Overlord  
  34  3:09  Zergling x4  
  36  3:14  Zergling x6  
  36  3:17  Zergling x4  
  41  3:25  Zergling x2  
  42  3:31  Roach Warren  
  42  3:32  Zergling x4  
  42  3:33  Zergling x2  
  44  3:38  Zergling x2  
  44  3:39  Zergling x2  
  44  3:40  Zergling x2  
  47  3:43  Zergling x2  
  47  3:45  Zergling x2  
  49  3:49  Zergling x2  
  49  3:57  Zergling x2  
  49  3:58  Zergling x6  
  49  4:00  Zergling x2  
  49  4:02  Zergling x2  
  49  4:05  Zergling x2  
  49  4:09  Zergling x2  
  46  4:10  Zergling x2  
  46  4:12  Zergling x2  
  44  4:18  Zergling x2  
  41  4:26  Zergling x2  
  41  4:36  Drone  
  42  4:38  Drone  
  42  4:47  Drone x2  
  42  4:48  Drone  
  42  4:50  Drone  
  45  4:59  Roach  
  47  5:01  Overlord  
  47  5:06  Overlord  
  47  5:10  Roach  
  45  5:15  Roach  
  45  5:20  Roach  
  48  5:23  Roach  
  48  5:25  Overlord  
  50  5:33  Drone x2  
  50  5:35  Roach  
  54  5:39  Zergling x4  
  55  5:43  Roach  
  55  5:48  Spine Crawler  
  56  5:52  Zergling x4  
  58  5:58  Roach  
  58  6:03  Zergling x2  
Show
View Real Time Build Order
Export as new Build Order

Rex Zerg 

Build Orders: Hatch First, Zergling Baneling 

Get SALT Encoding   

  12  0:00  Drone  
  13  0:09  Drone  
  14  0:18  Overlord  
  14  0:23  Extractor  
  14  0:24  Drone  
  15  0:36  Drone x2  
  17  0:55  Hatchery  
  16  0:58  Drone  
  16  1:00  Drone  
  18  1:08  Extractor  
  17  1:17  Spawning Pool  
  16  1:19  Drone  
  16  1:22  Drone  
  18  1:26  Drone  
  19  1:37  Overlord  
  19  1:51  Drone  
  20  2:03  Queen  
  20  2:04  Zergling x2  
  20  2:07  Queen  
  25  2:10  Metabolic Boost  
  25  2:12  Zergling x2  
  25  2:15  Drone  
  27  2:18  Drone  
  27  2:20  Drone  
  29  2:29  Drone  
  30  2:32  Baneling Nest  
  30  2:34  Drone  
  30  2:45  Overlord  
  30  2:51  Zergling x4  
  32  2:56  Zergling x2  
  33  3:00  Zergling x2  
  33  3:05  Zergling x2  
  35  3:12  Zergling x6  
  38  3:13  Zergling x2  
  38  3:16  Baneling  
  38  3:17  Baneling  
  38  3:19  Baneling  
  39  3:20  Baneling  
  39  3:22  Zergling x8  
  43  3:42  Zergling x2  
  43  3:47  Baneling x2  
  43  3:57  Zergling x4  
  43  3:59  Zergling x2  
  43  4:00  Baneling x2  
  36  4:15  Zergling x2  
  36  4:16  Zergling x2  
  37  4:17  Zergling x2  
  37  4:21  Zergling x2  
  36  4:30  Zergling x4  
  34  4:34  Zergling x4  
  34  4:36  Zergling x4  
  34  4:37  Zergling x2  
  34  4:38  Zergling x2  
  37  4:42  Zergling x2  
  37  4:44  Zergling x2  
  38  4:47  Baneling x2  
  38  4:48  Baneling  
  38  4:52  Zergling x2  
  38  4:55  Zergling x2  
  37  5:02  Drone  
  37  5:04  Queen  
  37  5:05  Overlord  
  37  5:06  Zergling x6  
  41  5:19  Baneling x2  
  41  5:22  Zergling x4  
  41  5:25  Zergling x2  
  44  5:31  Drone x2  
  44  5:32  Drone  
  47  5:36  Drone x2  
  47  5:37  Drone  
  49  5:47  Drone  
  50  5:51  Drone  
  50  5:56  Baneling x2  
Tags
 
Add a new tag
Caveats
  • Supply blocks, unpowered buildings, or Contaminate may cause inaccurate times.
  • Supply counts are checked every 10 seconds.